HSSL
EVANS HS KNIGHTS @ MADAWASKA VALLEY HS WOLVES
04/10/2023
 
TOP OF THE 1ST
Evans HS Knights batting - Pitching for Madawaska Valley HS Wolves : RHP Clifton Davis
Pitching: RHP Clifton Davis
Batting: LHB Ernesto López 0-0: Ball
1-0: Ball
2-0: Ball
3-0: Called Strike
3-1: Base on Balls
Batting: RHB Tom Stoltz 0-0: Ball
1-0: Ball
2-0: Foul Ball, location: 2F
2-1: Ball
3-1: Foul Ball, location: 2F
3-2: Base on Balls
Ernesto López to second
Batting: RHB Holden Davis 0-0: Ball
1-0: Ball
Ernesto López steals 3rd base
Tom Stoltz to second
2-0: SINGLE (Groundball, 5D)
Ernesto López scores
Tom Stoltz to third
Batting: LHB Bill McCraney 0-0: Ball
1-0: Called Strike
1-1: Ball
2-1: Called Strike
2-2: Foul Ball, location: 2F
2-2: Fly out, F8 (Flyball, 8RM)
Runner from 3rd tags up, SCORES, throw made
Batting: SHB Jorge Dávila 0-0: Foul Ball, location: 2F
0-1: Ball
1-1: Ball
2-1: Ball
3-1: Base on Balls
Holden Davis to second
Batting: RHB Michael Stevenson 0-0: Ball
1-0: Ball
2-0: Ball
3-0: Base on Balls
Holden Davis to third
Jorge Dávila to second
Batting: RHB Ronnie Rogers 0-0: Called Strike
0-1: Ball
1-1: Hit by Pitch
Holden Davis scores
Jorge Dávila to third
Michael Stevenson to second
Batting: LHB Guy Moss 0-0: Ball
1-0: DOUBLE (Flyball, 8LM)
Jorge Dávila scores
Michael Stevenson scores
Ronnie Rogers to third
Runner from 3rd tries for Home, SAFE, no throw or cutoff
Batting: RHB John Eaves 0-0: Ball
1-0: Ball
Guy Moss steals 3rd base
2-0: Called Strike
2-1: Swinging Strike
2-2: Ball
3-2: Foul Ball, location: 2F
3-2: Base on Balls
Batting: LHB Ernesto López 0-0: Called Strike
0-1: Ball
1-1: Ball
2-1: Ball
3-1: Fly out, F9 (Flyball, 89M)
Runner from 3rd tags up, SCORES, no throw
Batting: RHB Tom Stoltz 0-0: Swinging Strike
0-1: Ball
1-1: Ball
2-1: Swinging Strike
2-2: Ball
3-2: Strikes out looking
Top of the 1st over - 7 run(s), 2 hit(s), 0 error(s), 1 left on base; Evans HS 7 - Madawaska Valley HS 0
BOTTOM OF THE 1ST
Madawaska Valley HS Wolves batting - Pitching for Evans HS Knights : RHP Tony Rodréques
Pitching: RHP Tony Rodréques
Batting: LHB Nick Moss 0-0: Bunt for hit - play at first, batter OUT! 5-3
Batting: RHB Jim Turner 0-0: Called Strike
0-1: Swinging Strike
0-2: Ball
1-2: Ball
2-2: Ball
3-2: Foul Ball, location: 2F
3-2: Fly out, F9 (Line Drive, 89M)
Batting: RHB Tom Rowe 0-0: Called Strike
0-1: Swinging Strike
0-2: SINGLE (Line Drive, 3D)
Batting: LHB John Clark 0-0: 2-RUN HOME RUN (Flyball, 9D), Distance : 403 ft
Batting: RHB Hubert MacDonald 0-0: Fly out, F9 (Flyball, 9M)
Bottom of the 1st over - 2 run(s), 2 hit(s), 0 error(s), 0 left on base; Evans HS 7 - Madawaska Valley HS 2
TOP OF THE 2ND
Evans HS Knights batting - Pitching for Madawaska Valley HS Wolves : RHP Clifton Davis
Batting: RHB Holden Davis 0-0: Called Strike
0-1: Foul Ball, location: 2F
0-2: Ball
1-2: Foul Ball, location: 2F
1-2: Strikes out swinging
Batting: LHB Bill McCraney 0-0: Called Strike
0-1: Ball
1-1: Ground out U3 (Groundball, 3S)
Batting: SHB Jorge Dávila 0-0: Foul Ball, location: 2F
0-1: Called Strike
0-2: Foul Ball, location: 2F
0-2: DOUBLE (Line Drive, 9LM)
Batting: RHB Michael Stevenson 0-0: Called Strike
0-1: Foul Ball, location: 2F
0-2: Ball
1-2: DOUBLE (Flyball, 8RM)
Jorge Dávila scores
Batting: RHB Ronnie Rogers 0-0: Foul Ball, location: 2F
0-1: Ball
1-1: Foul Ball, location: 2F
1-2: Foul Ball, location: 2F
1-2: Strikes out looking
Top of the 2nd over - 1 run(s), 2 hit(s), 0 error(s), 1 left on base; Evans HS 8 - Madawaska Valley HS 2
BOTTOM OF THE 2ND
Madawaska Valley HS Wolves batting - Pitching for Evans HS Knights : RHP Tony Rodréques
Batting: RHB Aaron Duncan 0-0: Ball
1-0: Ball
2-0: Ball
3-0: Called Strike
3-1: SINGLE (Groundball, 34S)
Batting: LHB Ronald Wallace 0-0: SINGLE (Line Drive, 5L)
Aaron Duncan to second
Batting: LHB Sam Clay 0-0: Ball
1-0: Ball
2-0: Swinging Strike
2-1: Foul Ball, location: 2F
2-2: Ball
3-2: Foul Ball, location: 2F
3-2: Strikes out swinging
Batting: SHB Wilson Bray 0-0: Swinging Strike
0-1: Called Strike
0-2: Strikes out swinging
Batting: LHB Nick Moss 0-0: SINGLE (Groundball, 3S)
Aaron Duncan to third
Ronald Wallace to second
Runner from 3rd tries for Home, SAFE, no throw or cutoff
Batting: RHB Jim Turner 0-0: Swinging Strike
0-1: Fly out, F7 (Line Drive, 7M)
Bottom of the 2nd over - 1 run(s), 3 hit(s), 0 error(s), 2 left on base; Evans HS 8 - Madawaska Valley HS 3
TOP OF THE 3RD
Evans HS Knights batting - Pitching for Madawaska Valley HS Wolves : RHP Clifton Davis
Batting: LHB Guy Moss 0-0: Fly out, F9 (Flyball, 89M)
Batting: RHB John Eaves 0-0: Ball
1-0: Ball
2-0: Called Strike
2-1: Ball
3-1: Base on Balls
Batting: LHB Ernesto López 0-0: Swinging Strike
0-1: Ball
1-1: Called Strike
1-2: Ball
2-2: Foul Ball, location: 2F
2-2: Foul Ball, location: 2F
2-2: Fly out, F7 (Flyball, 78M)
Pitching: RHP Jack Thorpe
Batting: RHB Tom Stoltz 0-0: Ball
1-0: Ball
2-0: Ball
3-0: Called Strike
3-1: Foul Ball, location: 2F
3-2: Ground out 6-3 (Groundball, 6M)
Top of the 3rd over - 0 run(s), 0 hit(s), 0 error(s), 1 left on base; Evans HS 8 - Madawaska Valley HS 3
BOTTOM OF THE 3RD
Madawaska Valley HS Wolves batting - Pitching for Evans HS Knights : RHP Tony Rodréques
Batting: RHB Tom Rowe 0-0: Called Strike
0-1: Swinging Strike
0-2: Strikes out swinging
Batting: LHB John Clark 0-0: Swinging Strike
0-1: Foul Ball, location: 2F
0-2: Foul Ball, location: 2F
0-2: Ball
1-2: Ball
2-2: Foul Ball, location: 2F
2-2: Ball
3-2: Ground out 6-3 (Groundball, 56)
Batting: RHB Hubert MacDonald 0-0: Foul Ball, location: 2F
0-1: Ball
1-1: Foul Ball, location: 2F
1-2: Foul Ball, location: 2F
1-2: Ball
2-2: Ball
3-2: DOUBLE (Groundball, 5L)
Batting: RHB Aaron Duncan 0-0: Ball
1-0: Ball
2-0: Ball
3-0: Called Strike
3-1: Fly out, F4 (Popup, 4M)
Bottom of the 3rd over - 0 run(s), 1 hit(s), 0 error(s), 1 left on base; Evans HS 8 - Madawaska Valley HS 3
TOP OF THE 4TH
Evans HS Knights batting - Pitching for Madawaska Valley HS Wolves : RHP Jack Thorpe
Batting: RHB Holden Davis 0-0: Called Strike
0-1: Ball
1-1: Ball
2-1: Foul Ball, location: 2F
2-2: Foul Ball, location: 2F
2-2: Strikes out swinging
Batting: LHB Bill McCraney 0-0: Called Strike
0-1: Ball
1-1: Swinging Strike
1-2: Ball
2-2: Foul Ball, location: 2F
2-2: SOLO HOME RUN (Line Drive, 9LD), Distance : 372 ft
Batting: SHB Jorge Dávila 0-0: Ball
1-0: Fly out, F8 (Flyball, 8LM)
Batting: RHB Michael Stevenson 0-0: Called Strike
0-1: Ball
1-1: Foul Ball, location: 2F
1-2: Foul Ball, location: 2F
1-2: Reached on error, E5 (Groundball, 56)
Batting: RHB Ronnie Rogers 0-0: Called Strike
0-1: Called Strike
0-2: SINGLE (Flyball, 3D)
Michael Stevenson to second
Batting: LHB Guy Moss 0-0: Ball
1-0: Foul Ball, location: 2F
1-1: Foul Ball, location: 2F
1-2: Foul Ball, location: 2F
1-2: Ball
2-2: Ball
3-2: DOUBLE (Line Drive, 7M)
Michael Stevenson scores
Ronnie Rogers to third
Ronnie Rogers scores
Batting: RHB John Eaves 0-0: Foul Ball, location: 2F
0-1: Ball
1-1: Ball
2-1: Ball
3-1: Base on Balls
Batting: LHB Ernesto López 0-0: Ball
1-0: Swinging Strike
1-1: SINGLE (Line Drive, 89S)
Guy Moss to third
John Eaves to second
Runner from 3rd tries for Home, SAFE, no throw or cutoff
Batting: RHB Tom Stoltz 0-0: Ball
Wild Pitch!
John Eaves to third
Ernesto López to second
1-0: Called Strike
1-1: Ball
2-1: Called Strike
2-2: Strikes out swinging
Top of the 4th over - 4 run(s), 4 hit(s), 1 error(s), 2 left on base; Evans HS 12 - Madawaska Valley HS 3
BOTTOM OF THE 4TH
Madawaska Valley HS Wolves batting - Pitching for Evans HS Knights : RHP Tony Rodréques
Batting: LHB Ronald Wallace 0-0: Ball
1-0: Ball
2-0: Foul Ball, location: 2F
2-1: Ball
3-1: Fly out, F7 (Flyball, 78S)
Batting: LHB Sam Clay 0-0: Ball
1-0: Ball
2-0: Called Strike
2-1: Swinging Strike
2-2: Foul Ball, location: 2F
2-2: Ball
3-2: Base on Balls
Batting: SHB Wilson Bray 0-0: Called Strike
0-1: Called Strike
0-2: Ball
1-2: Strikes out swinging
Batting: LHB Nick Moss 0-0: Called Strike
0-1: Ball
1-1: Foul Ball, location: 2F
1-2: Foul Ball, location: 2F
1-2: Ball
2-2: Fly out, F9 (Flyball, 9M)
Bottom of the 4th over - 0 run(s), 0 hit(s), 0 error(s), 1 left on base; Evans HS 12 - Madawaska Valley HS 3
TOP OF THE 5TH
Evans HS Knights batting - Pitching for Madawaska Valley HS Wolves : RHP Jack Thorpe
Batting: RHB Holden Davis 0-0: Called Strike
0-1: Swinging Strike
0-2: Ball
1-2: Foul Ball, location: 2F
1-2: Foul Ball, location: 2F
1-2: Ball
2-2: Strikes out swinging
Pitching: RHP Jim Dailey
Batting: LHB Bill McCraney 0-0: Called Strike
0-1: SOLO HOME RUN (Flyball, 9LD), Distance : 355 ft
Batting: SHB Jorge Dávila 0-0: Called Strike
0-1: Ball
1-1: Ball
2-1: Foul Ball, location: 2F
2-2: SINGLE (Groundball, 34)
Batting: RHB Michael Stevenson 0-0: Ball
1-0: Foul Ball, location: 2F
1-1: SINGLE (Line Drive, 89M)
Jorge Dávila to second
Batting: RHB Ronnie Rogers 0-0: Called Strike
0-1: Foul Ball, location: 2F
0-2: Fly out, F7 (Flyball, 7M)
Batting: LHB Guy Moss 0-0: Ground out 4-3 (Groundball, 4)
Top of the 5th over - 1 run(s), 3 hit(s), 0 error(s), 2 left on base; Evans HS 13 - Madawaska Valley HS 3
BOTTOM OF THE 5TH
Madawaska Valley HS Wolves batting - Pitching for Evans HS Knights : RHP Tony Rodréques
Batting: RHB Jim Turner 0-0: Ball
1-0: Called Strike
1-1: Reached on Error, E9 (Flyball, 89M)
Pitching: LHP Bob Watkins
Batting: RHB Tom Rowe 0-0: Called Strike
0-1: Swinging Strike
0-2: Hit by Pitch
Jim Turner to second
Batting: LHB John Clark 0-0: Hit by Pitch
Jim Turner to third
Tom Rowe to second
Batting: RHB Hubert MacDonald 0-0: GRAND SLAM HOME RUN (Flyball, 89XD), Distance : 440 ft
Batting: RHB Aaron Duncan 0-0: SINGLE (Groundball, 56D)
Batting: LHB Ronald Wallace 0-0: Ball
1-0: Ball
2-0: Ball
3-0: Called Strike
3-1: Base on Balls
Aaron Duncan to second
Batting: LHB Sam Clay 0-0: DOUBLE (Groundball, 3L)
Aaron Duncan scores
Ronald Wallace to third
Pitching: RHP Rob Cline
Batting: SHB Wilson Bray 0-0: Foul Ball, location: 2F
0-1: Ball
1-1: Ball
2-1: Foul Ball, location: 2F
2-2: Strikes out looking
Batting: LHB Nick Moss 0-0: Fly out, F9 (Line Drive, 9M)
Runner from 3rd tags up, SCORES, throw made
Batting: RHB Jim Turner 0-0: Fly out, F9 (Flyball, 89S)
Bottom of the 5th over - 6 run(s), 3 hit(s), 1 error(s), 1 left on base; Evans HS 13 - Madawaska Valley HS 9
TOP OF THE 6TH
Evans HS Knights batting - Pitching for Madawaska Valley HS Wolves : RHP Jim Dailey
Batting: RHB John Eaves 0-0: Ball
1-0: Ground out 6-3 (Groundball, 6M)
Batting: LHB Ernesto López 0-0: SINGLE (Flyball, 7S)
Batting: RHB Tom Stoltz 0-0: Ball
1-0: Swinging Strike
1-1: Ball
2-1: SINGLE (Flyball, 34D)
Ernesto López to second
Runner from 2nd tries for 3rd, SAFE, no throw or cutoff
Batting: RHB Holden Davis 0-0: Swinging Strike
0-1: Ball
1-1: Ball
2-1: Ball
3-1: Foul Ball, location: 2F
3-2: Foul Ball, location: 2F
3-2: Base on Balls
Tom Stoltz to second
Batting: LHB Bill McCraney 0-0: Foul Ball, location: 2F
0-1: Ball
1-1: Ball
2-1: Foul Ball, location: 2F
2-2: Ball
3-2: Base on Balls
Ernesto López scores
Tom Stoltz to third
Holden Davis to second
Batting: SHB Jorge Dávila 0-0: Ball
1-0: Called Strike
1-1: Swinging Strike
1-2: Strikes out swinging
Batting: RHB Michael Stevenson 0-0: Ball
1-0: Called Strike
1-1: Foul Ball, location: 2F
1-2: Foul Ball, location: 2F
1-2: Ball
2-2: Strikes out swinging
Top of the 6th over - 1 run(s), 2 hit(s), 0 error(s), 3 left on base; Evans HS 14 - Madawaska Valley HS 9
BOTTOM OF THE 6TH
Madawaska Valley HS Wolves batting - Pitching for Evans HS Knights : RHP Rob Cline
Batting: RHB Tom Rowe 0-0: Called Strike
0-1: Ball
1-1: Ball
2-1: Ball
3-1: DOUBLE (Line Drive, 89M)
Batting: LHB John Clark 0-0: Ball
Tom Rowe steals 3rd base
1-0: SINGLE (Line Drive, 78S)
Tom Rowe scores
Batting: RHB Hubert MacDonald 0-0: Called Strike
0-1: SINGLE (Groundball, 56D)
John Clark to second
Batting: RHB Aaron Duncan 0-0: Ball
1-0: Ball
2-0: Ball
3-0: Base on Balls
John Clark to third
Hubert MacDonald to second
Batting: LHB Ronald Wallace 0-0: Called Strike
0-1: Ground out 4-3 (Groundball, 4M)
John Clark scores
Hubert MacDonald to third
Aaron Duncan to second
Batting: LHB Sam Clay 0-0: Called Strike
0-1: Ball
1-1: Foul Ball, location: 2F
1-2: Strikes out swinging
Batting: SHB Wilson Bray 0-0: Swinging Strike
0-1: Ball
1-1: Called Strike
1-2: Strikes out swinging
Bottom of the 6th over - 2 run(s), 3 hit(s), 0 error(s), 2 left on base; Evans HS 14 - Madawaska Valley HS 11
TOP OF THE 7TH
Evans HS Knights batting - Pitching for Madawaska Valley HS Wolves : RHP Jim Dailey
Batting: RHB Ronnie Rogers 0-0: Called Strike
0-1: Foul Ball, location: 2F
0-2: Ball
1-2: Ball
2-2: Strikes out swinging
Pitching: LHP Anthony Robinson
Batting: LHB Guy Moss 0-0: Called Strike
0-1: Ground out U3 (Groundball, 3)
Batting: RHB John Eaves 0-0: Fly out, F9 (Flyball, 9LM)
Top of the 7th over - 0 run(s), 0 hit(s), 0 error(s), 0 left on base; Evans HS 14 - Madawaska Valley HS 11
BOTTOM OF THE 7TH
Madawaska Valley HS Wolves batting - Pitching for Evans HS Knights : RHP Rob Cline
Pitching: RHP Dave Thompson
Batting: LHB Nick Moss 0-0: Ball
1-0: Ball
2-0: Called Strike
2-1: Called Strike
2-2: SINGLE (Flyball, 8RS)
Batting: RHB Jim Turner 0-0: Ball
1-0: Called Strike
1-1: Called Strike
1-2: Foul Ball, location: 2F
1-2: Grounds into double play, 4-6-3 (Groundball, 4)
Batting: RHB Tom Rowe 0-0: Called Strike
0-1: Swinging Strike
0-2: Foul Ball, location: 2F
0-2: Ground out 1-3 (Groundball, 15)
Bottom of the 7th over - 0 run(s), 1 hit(s), 0 error(s), 0 left on base; Evans HS 14 - Madawaska Valley HS 11
TOP OF THE 8TH
Evans HS Knights batting - Pitching for Madawaska Valley HS Wolves : LHP Anthony Robinson
Batting: LHB Ernesto López 0-0: SINGLE (Groundball, 23) (infield hit)
Batting: RHB Tom Stoltz 0-0: Bunted foul
0-1: Sac Bunt - play at first, batter OUT! 5-4
Ernesto López to second
Batting: RHB Holden Davis 0-0: Intentional Walk
Batting: LHB Bill McCraney 0-0: Ball
1-0: Swinging Strike
1-1: Foul Ball, location: 2F
1-2: Foul Ball, location: 2F
1-2: Ball
2-2: Foul Ball, location: 2F
2-2: Ball
3-2: Base on Balls
Ernesto López to third
Holden Davis to second
Batting: SHB Jorge Dávila 0-0: Grounds into double play, 6-4-3 (Groundball, 6M)
Top of the 8th over - 0 run(s), 1 hit(s), 0 error(s), 2 left on base; Evans HS 14 - Madawaska Valley HS 11
BOTTOM OF THE 8TH
Madawaska Valley HS Wolves batting - Pitching for Evans HS Knights : RHP Dave Thompson
Batting: LHB John Clark 0-0: Ball
1-0: Swinging Strike
1-1: Called Strike
1-2: Foul Ball, location: 2F
1-2: Ground out 4-3 (Groundball, 4)
Batting: RHB Hubert MacDonald 0-0: Called Strike
0-1: Ball
1-1: SOLO HOME RUN (Flyball, 7D), Distance : 404 ft
Batting: RHB Aaron Duncan 0-0: Ball
1-0: Swinging Strike
1-1: Ball
2-1: Ground out 2-3 (Groundball, 2R)
Batting: LHB Ronald Wallace 0-0: SINGLE (Groundball, 15S) (infield hit)
Pitching: RHP Arlen Wright
Batting: LHB Sam Clay 0-0: Called Strike
0-1: Swinging Strike
0-2: Ball
1-2: Ball
2-2: Ball
3-2: Strikes out swinging
Bottom of the 8th over - 1 run(s), 2 hit(s), 0 error(s), 1 left on base; Evans HS 14 - Madawaska Valley HS 12
TOP OF THE 9TH
Evans HS Knights batting - Pitching for Madawaska Valley HS Wolves : LHP Anthony Robinson
Batting: RHB Michael Stevenson 0-0: Ball
1-0: Foul Ball, location: 2F
1-1: Called Strike
1-2: Ball
2-2: Strikes out swinging
Batting: RHB Ronnie Rogers 0-0: Ball
1-0: Foul Ball, location: 2F
1-1: Ball
2-1: SINGLE (Flyball, 8LS)
Batting: LHB Guy Moss 0-0: DOUBLE (Flyball, 78M)
Ronnie Rogers to third
Pitching: LHP Ernesto Pérez
Batting: RHB John Eaves 0-0: Called Strike
0-1: SINGLE (Groundball, 6MD)
Ronnie Rogers scores
Guy Moss to third
Batting: LHB Ernesto López 0-0: Ball
1-0: Ball
2-0: Foul Ball, location: 2F
2-1: TRIPLE (Line Drive, 3D)
Guy Moss scores
John Eaves scores
Batting: RHB Tom Stoltz 0-0: Called Strike
0-1: Ball
Steal of home, Ernesto López is out
1-1: TRIPLE (Line Drive, 8RM)
Batting: RHB Holden Davis 0-0: Ball
1-0: Fly out, F8 (Flyball, 8LM)
Top of the 9th over - 3 run(s), 5 hit(s), 0 error(s), 1 left on base; Evans HS 17 - Madawaska Valley HS 12
BOTTOM OF THE 9TH
Madawaska Valley HS Wolves batting - Pitching for Evans HS Knights : RHP Arlen Wright
Now in RF: Bill Rice
Batting: SHB Wilson Bray 0-0: Called Strike
0-1: Ball
1-1: Foul Ball, location: 2F
1-2: Ball
2-2: Ball
3-2: Fly out, F8 (Flyball, 8LM)
Batting: LHB Nick Moss 0-0: Foul Ball, location: 2F
0-1: Swinging Strike
0-2: Fly out, F4 (Popup, 4MD)
Batting: RHB Jim Turner 0-0: Foul Ball, location: 2F
0-1: Ball
1-1: Fly out, F3 (Line Drive, 3S)
Bottom of the 9th over - 0 run(s), 0 hit(s), 0 error(s), 0 left on base; Evans HS 17 - Madawaska Valley HS 12
This league is powered by Out of the Park Baseball, the baseball management simulation game for PC, Mac and Linux
Wednesday, December 2nd, 2015 - OOTP Baseball 16.8 Build 38